AoeStats
← PhilderRohrleger

Four Lakes

509187256Analyzed
1v1 RM · 6d ago on Sep 25, 2026· 54m 3s· 2 players
Game mode
Random Map
Map size
Tiny (2 player)
Population
200
Speed
Normal
Resources
Standard
Victory
Conquest
Starting age
Dark Age
Ending age
Imperial Age
RankedLock teamsTeams togetherTeam positionsShared explorationLock speedFull tech treeHidden civsTurbo modeCheats
Victory
Defeat
🇨🇦 Inca · Canada
1080
+18
🇩🇪 Franks · Germany
1113
-18
PhilderRohrleger
7:31 Loom
11:50 Feudal Age
12:26 Double-Bit Axe
18:03 Castle Age
16:32 Stone Mining
18:28 Fletching
18:39 Padded Archer Armor
19:11 Bodkin Arrow
19:42 Bow Saw
28:42 Gold Mining
29:17 Ballistics
30:12 Husbandry
35:40 Wheelbarrow
35:36 Scale Barding Armor
35:42 Forging
39:47 Chain Barding Armor
40:41 Town Watch
44:30 Imperial Age
43:33 Iron Casting
43:14 Leather Archer Armor
44:48 Cranequins
45:33 Capped Ram
45:55 Cavalier
48:17 Plate Barding Armor
48:12 Conscription
Hesam Herkul
6:27 Loom
8:36 Feudal Age
12:37 Champi Runner
15:16 Arson
17:32 Wheelbarrow
21:36 Castle Age
19:29 Horse Collar
19:56 Double-Bit Axe
20:08 Stone Mining
21:06 Scale Mail Armor
21:46 Champi Warrior
22:26 Squires
23:24 Heavy Plow
23:37 Bow Saw
24:24 Chain Mail Armor
23:51 Elite Skirmisher
24:25 Gold Mining
29:01 Gold Shaft Mining
29:44 Padded Archer Armor
29:34 Fletching
30:21 Fletching
31:26 Forging
32:22 Pikeman
34:53 Hand Cart
37:32 Iron Casting
37:41 Stone Shaft Mining
40:23 Imperial Age
38:45 Leather Archer Armor
38:26 Bodkin Arrow
40:32 Town Watch
41:40 Ballistics
41:52 Ring Archer Armor
41:23 Bracer
41:32 Town Patrol
42:47 Crop Rotation
43:40 Plate Mail Armor
44:12 Blast Furnace
43:06 Elite Champi Warrior
43:06 Halberdier
47:47 Thumb Ring
Connection lost

Rejoining the realm…

Still unreachable

The connection could not be restored.

Session expired

The server has moved on; the page needs a fresh start.